 Dungeon Crawl Stone Soup version 0.29.1-2-gbd0b4ee654 (webtiles) character file.

Game seed: 17954636341264975136

92 qeuew the Stinger (level 4, -1/29 (33) HPs)
             Began as a Draconian Venom Mage on Nov 14, 2022.
             Slain by a necrophage (7 damage)
             ... on level 4 of the Dungeon.
             The game lasted 00:04:30 (4573 turns).

qeuew the Stinger (Draconian Venom Mage)            Turns: 4573, Time: 00:04:31

HP:   -1/29 (33)    AC:  5    Str:  8 (10) XL:     4   Next: 35%
MP:   1/7           EV: 12    Int: 14 (16) God:
Gold: 156           SH:  0    Dex: 12 (13) Spells: 5/8 levels left

rFire   . . .      SeeInvis .   e - +0 dagger
rCold   . . .      Faith    .   (no shield)
rNeg    . . .      Spirit   .   (body armour unavailable)
rPois   .          Reflect  .   (helmet restricted)
rElec   .          Harm     .   (no cloak)
rCorr   .          Rampage  .   (no gloves)
Will    .....                   (no boots)
Stlth   ++........              (no amulet)
HPRegen 0.09/turn               (no ring)
MPRegen 0.10/turn               (no ring)

@: heavily drained
A: AC +5, unfitting armour, cold-blooded
a: no special abilities


You were on level 4 of the Dungeon.
You visited 1 branch of the dungeon, and saw 5 of its levels.

You collected 156 gold pieces.

Inventory:

Hand Weapons
 e - a +0 dagger (weapon)
Missiles
 c - a throwing net
Wands
 b - a wand of flame (14)
Potions
 a - 2 potions of magic


   Skills:
 + Level 0.5 Short Blades
 + Level 2.3 Dodging
 + Level 2.5 Stealth
 + Level 2.5 Spellcasting
 + Level 1.9 Transmutations
 + Level 3.4 Poison Magic
 + Level 0.2 Evocations


You had 5 spell levels left.
You knew the following spells:

 Your Spells              Type           Power      Damage    Failure   Level
a - Sting                 Tmut/Pois      36%        1d4       8%          1
b - Poisonous Vapours     Pois/Air       12%        N/A       17%         2

Your spell library contained the following spells:

 Spells                   Type           Power      Damage    Failure   Level
 Mephitic Cloud           Conj/Pois/Air  5%         N/A       38%         3
 Olgreb's Toxic Radiance  Pois           11%        N/A       47%         4


Dungeon Overview and Level Annotations

Branches:
Dungeon (5/15)
 Temple: D:4-7

Altars:
Fedhas

Shops:
D:3 *


Innate Abilities, Weirdness & Mutations

Your plain brown scales are hard. (AC +5)
You cannot fit into any form of body armour.
You are cold-blooded and may be slowed by cold attacks.


Message History

The necrophage is heavily damaged.
The necrophage hits you.
* * * LOW HITPOINT WARNING * * *
You feel drained.
* * * LOW HITPOINT WARNING * * *
You feel better. The necrophage barely misses you.
Aiming: Sting (safe; 8% risk of failure)
Press: ? - help, Q - select action, (/) - cycle Shift-Dir - straight line, f/p - necrophage
Aim: a necrophage (heavily damaged, 68% to hit)
The sting hits the necrophage.
The necrophage partially resists.
The necrophage is heavily damaged.
The necrophage hits you.
You closely miss the necrophage.
The necrophage is heavily damaged.
The necrophage barely misses you.
You hit the necrophage but do no damage.
The necrophage is heavily damaged.
The necrophage closely misses you.
Your magical contamination has completely faded away.
You hit the necrophage but do no damage.
The necrophage is heavily damaged.
The necrophage misses you.
You hit the necrophage.
The necrophage is heavily damaged.
The necrophage hits you.
You feel drained.
You closely miss the necrophage.
The necrophage is heavily damaged.
The necrophage closely misses you.
You barely miss the necrophage.
The necrophage is heavily damaged.
The necrophage hits you.
* * * LOW HITPOINT WARNING * * *
You closely miss the necrophage.
You tail-slap the necrophage, but do no damage.
The necrophage is heavily damaged.
The necrophage completely misses you.
You hit the necrophage.
The necrophage is heavily damaged.
The necrophage hits you!
You die... ###....P.PPP.P... #....P.....P....# .. #....P.._..P....# ... ....P. #.##....
PP.P.##..#.....# ...............
PPPPP...........

.......n.#....#
#.. #@.##...#
.##..#.......#
..............#
#..........#..#
..............#
§§............#
§§..#..#####..##
§≈..... #....#
.≈...#.. #....##
######


You could see a necrophage.

Vanquished Creatures
  3 adders
  4 worms
  A dart slug (D:3)
  2 orcs (D:3)
  4 ball pythons
  2 bats
  4 endoplasms
  2 giant cockroaches (D:2)
  4 goblins
  2 hobgoblins (D:1)
  4 jackals (D:1)
  5 kobolds
  3 quokkas (D:2)
  A frilled lizard (D:3)
  6 rats (D:2)
47 creatures vanquished.

Notes
Turn   | Place    | Note
-------+----------+-------------------------------------------
     0 | D:1      | qeuew the Draconian Venom Mage began the quest for the Orb.
     0 | D:1      | Reached XP level 1. HP: 14/14 MP: 3/3
     1 | D:1      | Noticed an electric eel
   597 | D:1      | Reached XP level 2. HP: 11/20 MP: 0/5
  1454 | D:2      | Learned a level 2 spell: Poisonous Vapours
  1650 | D:2      | Reached XP level 3. HP: 26/26 MP: 0/6
  3301 | D:3      | Reached XP level 4. HP: 28/33 MP: 7/7
  3532 | D:3      | Found a faded altar of an unknown god.
  3915 | D:3      | Found Huujehel's Assorted Antiques.
  4139 | D:3      | You fall into a shaft and drop 2 floors!
  4139 | D:5      | Entered Level 5 of the Dungeon
  4164 | D:4      | Found a blossoming altar of Fedhas.
  4440 | D:3      | Found Raismuir's General Store.
  4545 | D:4      | Noticed a necrophage
  4573 | D:4      | Slain by a necrophage

Illustrated notes

Levels and vault maps discovered:
D:1:      arrival_aquarium_a, layout_loops_ring, hex_medium
D:2:      layout_loops_cross, kennysheep_boxes
D:3:      layout_basic, chequers_ecumenical_altar_island, serial_shops,
          nicolae_diamond_shop, shop_statue
D:4:      layout_rooms, nicolae_overflow_hidden_temple,
          mainiacjoe_overflow_catwalk_spiral, mainiacjoe_overflow_cross_hatched
D:5:      layout_loops_corners, serial_shops, shop

Skill      XL: |  1  2 |
---------------+-------+-----
Stealth        | 2 |  2.5
Dodging        | 2 |  2.3
Short Blades   | |  0.5
Spellcasting   | |  2.5
Transmutations | |  1.9
Poison Magic   | |  3.4
Evocations     | |  0.2

Action                   |  1- 3 |  4- 6 || total
-------------------------+-------+-------++-------
Melee: Unarmed           |   118 |       ||   118
       Tailslap          |    26 |    11 ||    37
       Punch             |     2 |     2 ||     4
       Dagger            |    23 |    53 ||    76
 Cast: Sting             |    25 |     7 ||    32
       Poisonous Vapours |    29 |    12 ||    41
  Use: Scroll            |     5 |       ||     5
       Potion            |     2 |     5 ||     7
 Stab: Sleeping          |     1 |       ||     1
Armor: Skin              |    46 |     9 ||    55
Dodge: Dodged            |   115 |    38 ||   153
